AoeStats
← alonso erome UWU

Pilgrims

507074393Analyzed
4v4 RM · 17d ago on Sep 16, 2026· 17m 23s· 8 players
Game mode
Random Map
Map size
Large (8 player)
Population
200
Speed
Normal
Resources
Standard
Victory
Conquest
Starting age
Dark Age
Ending age
Imperial Age
RankedLock teamsTeams togetherTeam positionsShared explorationLock speedFull tech treeHidden civsTurbo modeCheats
Victory
Defeat
🇦🇷 Khmer · Argentina
1130
+12
🇦🇹 Armenians · Austria
1115
+12
🇫🇷 Britons · France
1104
+12
🇺🇸 Japanese · United States
1073
+13
🇨🇳 Berbers · China
1056
-13
🇨🇳 Persians · China
1009
-12
🇨🇳 Turks · China
982
-11
Oblierater Noob
8:34 Loom
11:13 Feudal Age
12:17 Double-Bit Axe
12:15 Horse Collar
13:37 Fishing Lines
13:42 Man-at-Arms
14:09 Arson
17:13 Scale Mail Armor
17:24 Forging
alonso erome UWU
7:50 Loom
11:33 Feudal Age
16:45 Castle Age
GabberGandalf
4:36 Loom
11:50 Feudal Age
12:11 Man-at-Arms
12:51 Double-Bit Axe
13:04 Gold Mining
13:54 Scale Mail Armor
13:51 Long Swordsman
14:15 Horse Collar
14:58 Fishing Lines
19:30 Castle Age
Blawckdown
11:34 Feudal Age
17:00 Castle Age
14:49 Double-Bit Axe
15:07 Fletching
16:10 Gold Mining
17:26 Padded Archer Armor
Mr.Bean
10:35 Loom
13:11 Feudal Age
15:12 Double-Bit Axe
15:10 Horse Collar
General Brasch
8:08 Loom
10:28 Feudal Age
12:27 Double-Bit Axe
16:03 Castle Age
B站-小伍长-玩战雷的弱智有点多...
10:33 Loom
13:43 Feudal Age
17:38 Gold Mining
Exusiai
17:17 Feudal Age
Connection lost

Rejoining the realm…

Still unreachable

The connection could not be restored.

Session expired

The server has moved on; the page needs a fresh start.